 Dungeon Crawl Stone Soup version 0.21.1-1-g345015fe64 (webtiles) character file.

3549 Peloso the Blocker (level 9, -1/81 HPs)
             Began as a Deep Dwarf Fighter on Apr 21, 2018.
             Was a Believer of Okawaru.
             Slain by a two-headed ogre
             ... wielding a +0 giant club
              (11 damage)
             ... on level 9 of the Dungeon.
             The game lasted 00:21:58 (5848 turns).

Peloso the Blocker (Deep Dwarf Fighter)             Turns: 5848, Time: 00:21:59

Health: -1/81      AC: 15    Str: 26    XL:     9   Next: 83%
Magic:  9/10       EV: 11    Int:  9    God:    Okawaru [**....]
Gold:   358        SH: 13    Dex: 12    Spells: 8/8 levels left

rFire    . . .     SeeInvis .   a - +0 falchion (freeze)
rCold    + . .     Gourm    .   c - +1 shield
rNeg     . . .     Faith    .   k - +0 chain mail
rPois    .         Spirit   .   v - +1 hat
rElec    .         Reflect  .   (no cloak)
rCorr    .         Harm     .   d - +1 pair of gloves {Str+3}
MR       +....                  D - +0 pair of boots
Stlth    ..........             (no amulet)
HPRegen  0.00/turn              z - +2 ring of evasion
MPRegen  0.12/turn              C - ring of protection from cold

@: lethally poisoned (-1 -> -1), non-regenerating
A: damage resistance, heal wounds, sense surroundings 2, no regeneration
a: Heal Wounds, Heroism, Renounce Religion


You were on level 9 of the Dungeon.
You worshipped Okawaru.
Okawaru was pleased with you.
You were hungry.

You visited 1 branch of the dungeon, and saw 9 of its levels.

You collected 358 gold pieces.

Inventory:

Hand Weapons
 a - a +0 falchion of freezing (weapon)
 b - a +3 dagger
 A - a +3 short sword
Missiles
 i - 103 bolts
Armour
 c - a +1 shield (worn)
 d - a +1 pair of gloves of strength (worn)
 k - a +0 chain mail (worn)
 v - a +1 hat (worn)
 D - a +0 pair of boots (worn)
Jewellery
 s - an uncursed ring of see invisible
 z - a +2 ring of evasion (left hand)
 C - a ring of protection from cold (right hand)
Wands
 l - a wand of random effects (28)
 t - a wand of enslavement (9)
Scrolls
 m - 3 scrolls of enchant armour
 n - a scroll of teleportation
 o - a scroll of enchant weapon
 B - a scroll of vulnerability {unknown}
 E - a scroll of silence {unknown}
Potions
 e - a potion of mutation
 h - 3 potions of curing
 j - 2 potions of flight {unknown}
 q - a potion of brilliance
 r - 4 potions of magic
 w - a potion of degeneration {unknown}
Books
 p - a book of Air

   Spells                             Type                      Level
   a - Shock                          Conjuration/Air              1
   b - Swiftness                      Charms/Air                   2
   c - Static Discharge               Conjuration/Air              3
   d - Airstrike                      Air                          4
   e - Lightning Bolt                 Conjuration/Air              5
 x - a book of Callings

   Spells                             Type                      Level
   a - Summon Small Mammal            Summoning                    1
   b - Call Imp                       Summoning                    2
   c - Call Canine Familiar           Summoning                    3
   d - Summon Guardian Golem          Hexes/Summoning              3
   e - Summon Lightning Spire         Summoning/Air                4
   f - Summon Ice Beast               Ice/Summoning                4
 y - a book of Conjurations

   Spells                             Type                      Level
   a - Magic Dart                     Conjuration                  1
   b - Searing Ray                    Conjuration                  2
   c - Dazzling Spray                 Conjuration/Hexes            3
   d - Fulminant Prism                Conjuration/Hexes            4
   e - Force Lance                    Conjuration/Translocation    4
   f - Iskenderun's Mystic Blast      Conjuration                  4
Comestibles
 f - 12 rations


   Skills:
 + Level 5.5 Fighting
 + Level 8.2 Long Blades
 + Level 7.0 Armour
 + Level 3.9 Dodging
 + Level 1.3 Stealth
 + Level 8.7 Shields
 + Level 2.6 Invocations


You had 8 spell levels left.
You didn't know any spells.

Dungeon Overview and Level Annotations

Branches:
Dungeon (8/15)             Temple (0/1) D:7            Lair (0/6) D:8

Altars:
Elyvilon
Fedhas
Okawaru
Qazlal
Xom
Yredelemnul

Annotations:
D:6 Calamarain's ghost, novice DrCj
D:8 Gastronok


Innate Abilities, Weirdness & Mutations

You are resistant to damage.
You can heal yourself by infusing magical energy.
You passively map the area around you.
You do not regenerate.


Message History

You slash the two-headed ogre! You freeze the two-headed ogre.
The two-headed ogre is moderately wounded.
You slash the two-headed ogre! You freeze the two-headed ogre.
The two-headed ogre is heavily wounded.
You feel like a meek peon again.
The two-headed ogre hits you with a giant club. x2
You slash the two-headed ogre! You freeze the two-headed ogre.
The two-headed ogre is severely wounded.
A hound comes into view.
The hound barks!
You hit the two-headed ogre. You freeze the two-headed ogre.
The two-headed ogre is severely wounded.
The two-headed ogre hits you with a giant club!
The two-headed ogre hits you with a giant club!!
* * * LOW HITPOINT WARNING * * *
You hit the two-headed ogre. You freeze the two-headed ogre.
The two-headed ogre is almost dead.
The two-headed ogre hits you with a giant club.
The two-headed ogre hits you with a giant club!
You die...

* * ,
.....#
*#.#
,..... ..#
, , #....,
W.# , .
#...# #.#
..###..O#
#.# ,
........#
#h# ,,
........#
#.#
,........#
#.#
..####..#
#@# , ,
#..####O#
, ,
#.......#
, ,
#.......#
,
#...#####
, , #...#
, #...#
#...#####
,
#.......#


You could see a two-headed ogre, a phantom and a hound.

Vanquished Creatures
  Erica (D:9)
  The ghost of DobroLive the Chopper, an amateur DDFi (D:3)
  A polar bear (D:8)
  2 hippogriffs (D:7)
  4 yaks (D:7)
  3 centaurs
  A wolf (D:8)
  A scorpion (D:5)
  A howler monkey (D:4)
  7 wights (D:7)
  2 crimson imps (D:7)
  A jelly (D:7)
  A hound (D:7)
  4 orc priests
  A bullfrog skeleton (D:5)
  An iguana (D:7)
  8 orc wizards
  A centaur simulacrum (D:8)
  A hound skeleton (D:6)
  A howler monkey zombie (D:7)
  2 worker ant zombies (D:5)
  8 adders
  An ufetubus (D:8)
  An adder zombie (D:7)
  4 worms
  A dart slug (D:1)
  2 leopard geckos
  19 orcs
  5 giant cockroaches
  11 goblins
  12 hobgoblins
  13 jackals
  6 kobolds
  2 quokkas
  A ball python (D:5)
  9 bats
  5 frilled lizards
  A jackal zombie (D:5)
  A quokka skeleton (D:4)
  A quokka zombie (D:5)
  7 rats
155 creatures vanquished.

Notes
Turn   | Place    | Note
-------+----------+-------------------------------------------
     0 | D:1      | Peloso the Deep Dwarf Fighter began the quest for the Orb.
     0 | D:1      | Reached XP level 1. HP: 20/20 MP: 1/1
    95 | D:1      | Reached XP level 2. HP: 20/27 MP: 2/2
   397 | D:1      | Reached XP level 3. HP: 16/34 MP: 3/3
   887 | D:2      | You fall through a shaft for 2 floors!
   917 | D:4      | Reached XP level 4. HP: 24/42 MP: 4/4
   952 | D:4      | Reached skill level 1 in Dodging
   980 | D:4      | Noticed a centaur
  1048 | D:4      | Killed a centaur
  1048 | D:4      | Reached XP level 5. HP: 26/49 MP: 5/5
  1121 | D:4      | Noticed a centaur
  1136 | D:4      | Killed a centaur
  1136 | D:4      | Reached skill level 5 in Shields
  1136 | D:4      | Reached XP level 6. HP: 9/56 MP: 6/6
  1323 | D:3      | Found an iron altar of Okawaru.
  1323 | D:3      | Found a shimmering altar of Xom.
  1326 | D:3      | Found a blossoming altar of Fedhas.
  1333 | D:3      | Became a worshipper of Warmaster Okawaru
  1558 | D:3      | Noticed DobroLive's ghost (amateur DDFi)
  1578 | D:3      | Killed DobroLive's ghost
  1578 | D:3      | Reached XP level 7. HP: 34/62 MP: 6/6
  2634 | D:5      | Entered Level 5 of the Dungeon
  2698 | D:5      | Reached skill level 5 in Armour
  2898 | D:5      | Reached * piety under Okawaru
  2910 | D:5      | Reached skill level 5 in Long Blades
  3213 | D:5      | Found a stormy altar of Qazlal.
  3644 | D:6      | Noticed Calamarain's ghost (novice DrCj)
  4056 | D:7      | Reached XP level 8. HP: 35/72 MP: 7/7
  4208 | D:7      | Found a staircase to the Ecumenical Temple.
  4250 | D:7      | Reached ** piety under Okawaru
  4250 | D:7      | Reached skill level 1 in Stealth
  4260 | D:7      | Noticed a hippogriff
  4275 | D:7      | Killed a hippogriff
  4447 | D:7      | Gained mutation: You passively map the area around you. [Deep Dwarf growth]
  4447 | D:7      | Reached XP level 9. HP: 16/79 MP: 9/9
  4758 | D:7      | Found a white marble altar of Elyvilon.
  4996 | D:7      | Reached skill level 5 in Fighting
  5098 | D:7      | Found a basalt altar of Yredelemnul.
  5517 | D:8      | Found a staircase to the Lair.
  5561 | D:8      | Noticed Gastronok
  5580 | D:8      | Noticed a polar bear
  5618 | D:8      | HP: 4/81 [polar bear (11)]
  5627 | D:8      | Killed a polar bear
  5784 | D:6      | You fall through a shaft for 3 floors!
  5799 | D:9      | Noticed Erica
  5802 | D:9      | Noticed a two-headed ogre
  5841 | D:9      | Killed Erica
  5848 | D:9      | Slain by a two-headed ogre

Skill      XL: |  1  2  3  4  5  6  7  8  9 |
---------------+----------------------------+-----
Fighting       | 3 4 5 |  5.5
Armour         | 4 5 6 7 |  7.0
Dodging        | 1 2 3 |  3.9
Shields        | 4 5 6 7 8 |  8.7
Long Blades    | 3 4 5 6 8 |  8.2
Stealth        | 1 |  1.3
Invocations    | 2 |  2.6

Action                   |  1- 3 |  4- 6 |  7- 9 || total
-------------------------+-------+-------+-------++-------
Melee: Long sword        |   139 |   113 |   404 ||   656
       Falchion          |       |       |    65 ||    65
Invok: Heroism           |       |       |     9 ||     9
 Abil: Heal Wounds       |     1 |     1 |    11 ||    13
  Use: Scroll            |     5 |     3 |     9 ||    17
       Potion            |       |     1 |     4 ||     5
  Eat: Chunk             |       |     2 |    11 ||    13
       Ration            |       |       |     1 ||     1
Armor: Scale mail        |    76 |    40 |    82 ||   198
       Chain mail        |       |       |    93 ||    93
Dodge: Dodged            |    56 |    42 |   127 ||   225
Block: Shield            |    80 |    82 |   307 ||   469
       Rpst.: Long sword |    17 |    12 |    26 ||    55
       Falchion          |       |       |     8 ||     8
